 Dungeon Crawl Stone Soup version 0.23-a0-393-g6e9e0f2070 (webtiles) character file.

14 PikkenKukken the Ruffian (level 2, 0/23 HPs)
             Began as a Draconian Transmuter on Oct 31, 2018.
             Slain by a hound (2 damage)
             ... on level 1 of the Dungeon.
             The game lasted 00:02:13 (1101 turns).

PikkenKukken the Ruffian (Draconian Transmuter)     Turns: 1101, Time: 00:02:13

Health: 0/23       AC:  4    Str: 12    XL:     2   Next: 31%
Magic:  4/5        EV: 12    Int: 13    God:
Gold:   4          SH:  0    Dex: 11    Spells: 2/5 levels left

rFire    . . .     SeeInvis .     - Unarmed
rCold    . . .     Gourm    .   (no shield)
rNeg     . . .     Faith    .   (armour unavailable)
rPois    .         Spirit   .   (helmet restricted)
rElec    .         Reflect  .   (no cloak)
rCorr    .         Harm     .   (no gloves)
MR       .....                  (no boots)
Stlth    +.........             (no amulet)
HPRegen  0.07/turn              (no ring)
MPRegen  0.09/turn              (no ring)

@: appendage (expiring)
A: unfitting armour, horns 2, cold-blooded, AC +4
a: End Transformation


You were on level 1 of the Dungeon.
You were hungry.
You had grown temporary horns.
You visited 1 branch of the dungeon, and saw 2 of its levels.

You collected 4 gold pieces.

Inventory:

Missiles
 a - 12 arrows
 f - 12 sling bullets
Scrolls
 d - a scroll of identify
Potions
 b - a potion of curing
 e - a potion of invisibility {unknown}
Comestibles
 c - a ration


   Skills:
 + Level 1.3 Fighting
 + Level 2.0 Dodging
 * Level 3.3 Unarmed Combat
 - Level 2.0 Spellcasting
 + Level 2.2 Transmutations


You had 2 spell levels left.
You knew the following spells:

 Your Spells              Type           Power        Failure   Level  Hunger
a - Beastly Appendage     Tmut           #.....       11%         1    ##.....
b - Sticks to Snakes      Tmut           #.......     16%         2    ###....

Your spell library contained the following spells:

 Spells                   Type           Power        Failure   Level  Hunger
 Spider Form              Tmut/Pois      #.........   43%         3    ####...
 Ice Form                 Ice/Tmut       #.......     85%         4    #####..
 Blade Hands              Tmut           #.........   96%         5    ######.


Dungeon Overview and Level Annotations

Branches:
Dungeon (2/15)

Altars:

Annotations:
D:2 Sigmund


Innate Abilities, Weirdness & Mutations

Your plain brown scales are hard. (AC +4)
You cannot fit into any form of body armour.
You are cold-blooded and may be slowed by cold attacks.
You have a pair of horns on your head.


Message History

You are too injured to fight recklessly!
You are too injured to fight recklessly!
You are too injured to fight recklessly!
You barely miss the hound. Your headbutt misses the hound.
The hound is lightly wounded.
The hound closely misses you.
You closely miss the hound.
The hound is lightly wounded.
Your transformation is almost over.
The hound bites you.
* * * LOW HITPOINT WARNING * * *
The hound misses you.
You hit the hound. Your headbutt misses the hound.
Your tail-slap misses the hound.
The hound is moderately wounded.
The hound closely misses you.
You closely miss the hound.
Your tail-slap misses the hound.
The hound is lightly wounded.
The hound closely misses you. The hound bites you.
You die...

...............#.#.#...###.#.#
#.....##.####..#.#.#.#.###.#.#
#...........##.#.#.#.......#.#
...##.......##...#.###.#####.#
....#.......##...#...#.# #.#
....#.......###..###.#.# #.#
....#................#.# #.#
....####.......h.....#.# #.#
....####........@....#.# #.#
.....................#.# #.#
###........#'#######.#.#####.##
# #........#.# #.#........# #
#........#.# #.########## #
#........#.# #.# # #........#.#
#.# ###........#.#######.######
..........................#


You could see a hound.

Vanquished Creatures
  2 leopard geckos (D:1)
  3 giant cockroaches (D:1)
  3 hobgoblins (D:1)
  A goblin (D:1)
  2 rats (D:1)
11 creatures vanquished.

Notes
Turn   | Place    | Note
-------+----------+-------------------------------------------
     0 | D:1      | PikkenKukken the Draconian Transmuter began the quest for
                  | the Orb.
     0 | D:1      | Reached XP level 1. HP: 16/16 MP: 3/3
   172 | D:1      | Reached XP level 2. HP: 19/23 MP: 3/5
  1064 | D:2      | Noticed Sigmund
  1070 | D:1      | Learned a level 2 spell: Sticks to Snakes
  1101 | D:1      | Slain by a hound

Vault maps used:
D:1:      evilmike_arrival_come_back
D:2:      lemuel_coloured_pillars_altar, uniq_sigmund

Skill      XL: |  1  2 |
---------------+-------+-----
Dodging        | 2 |  2.0
Fighting       | |  1.3
Unarmed Combat | |  3.3
Spellcasting   | |  2.0
Transmutations | |  2.2

Action                   || total
-------------------------++-------
Melee: Unarmed           ||    61
       Tailslap          ||     4
       Kick              ||     3
       Headbutt          ||     2
       Punch             ||     2
 Cast: Beastly Appendage ||     7
  Use: Scroll            ||     3
Armor: Skin              ||    11
Dodge: Dodged            ||    39

Table legend:
 A = Non-vault XP
 B = Vault XP
 C = Vault XP percentage of total XP
 D = Non-vault monster count
 E = Vault monster count
 F = Vault count percentage of total count
                 A         B        C        D         E       F
            +---------+---------+-------+---------+---------+-------
      Total |      21 |       0 |   0.0 |      11 |       0 |   0.0
            +---------+---------+-------+---------+---------+-------
        D:1 |      21 |       0 |   0.0 |      11 |       0 |   0.0
            +---------+---------+-------+---------+---------+-------
